 Dungeon Crawl Stone Soup version 0.32-a0-391-gce5c0aab1b (webtiles) character file.

Game seed: 2110239183445106018

1334 shadowstone the Sneak (level 8, -6/54 (60) HPs)
             Began as a Coglin Brigand on Feb 20, 2024.
             Was a Follower of Makhleb.
             Mangled by a wight
             ... wielding a +4 scimitar
              (9 damage)
             ... on level 6 of the Dungeon.
             The game lasted 00:16:25 (5335 turns).

shadowstone the Sneak (Coglin Brigand)              Turns: 5335, Time: 00:16:25

HP:   -6/54 (60)    AC: 11    Str: 12    XL:     8   Next: 61%
MP:   8/8           EV: 10    Int:  8    God:    Makhleb [*.....]
Gold: 208           SH:  5    Dex: 29    Spells: 7/7 levels left

rFire   + + .        a - +2 dagger {Necuametl}
rCold   . . .        D - +4 spear of the Sugar Beet {drain, Dex+6}
rNeg    + . .        C - +0 scale mail
rPois   .            (no helmet)
rElec   .            c - +0 cloak
rCorr   +            H - +2 pair of gloves of Cosyumas {rF++ rN+}
SInv    .            (no boots)
Will    +....        u - amulet of Kosebrui {Reflect +Blink rCorr Int-3 Dex+6 SH+5}
Stlth   ++           s - ring of willpower
HPRegen 0.29/turn    (no ring)
MPRegen 0.11/turn

%: reflection
@: heavily drained, revved, stiff-legged, very slow
A: off-hand wielding, slow wielding, warmup strikes, warmup strides
a: Renounce Religion, Evoke Blink


You were on level 6 of the Dungeon.
You worshipped Makhleb.
Makhleb was aware of your devotion.
You visited 2 branches of the dungeon, and saw 7 of its levels.

You collected 353 gold pieces.
You spent 145 gold pieces at shops.

Inventory:

Hand Weapons
 a - a +2 dagger (weapon) {Necuametl}
 w - a +0 short sword
 D - the +4 spear of the Sugar Beet (worn) {drain, Dex+6}
   (You found it on level 3 of the Dungeon)

   Dex+6:     It affects your dexterity (+6).
 I - a +6 quarterstaff
Missiles
 d - 9 poisoned darts (quivered)
 e - 3 curare-tipped darts
Armour
 b - a +0 robe
 c - a +0 cloak (worn)
 o - a +0 ring mail
 C - a +0 scale mail (worn)
 H - the +2 pair of gloves of Cosyumas (worn) {rF++ rN+}
   (You found it on level 5 of the Dungeon)

   rF++:      It greatly protects you from fire.
   rN+:       It protects you from negative energy.
Jewellery
 s - a ring of willpower (left grasper)
 u - the amulet of Kosebrui (around neck) {Reflect +Blink rCorr Int-3 Dex+6 SH+5}
   (You bought it in a shop on level 2 of the Dungeon)

   [amulet of reflection]

   Reflect:   It reflects blocked missile attacks.
   Int-3:     It affects your intelligence (-3).
   Dex+6:     It affects your dexterity (+6).
   +Blink:    It lets you blink.
   rCorr:     It protects you from acid and corrosion.
   SH+5:      It affects your SH (+5).
 x - an amulet of guardian spirit
 A - an amulet of magic regeneration
Talismans
 t - a flux talisman
Wands
 F - a wand of digging (2)
Scrolls
 f - 2 scrolls of silence {unknown}
 g - 3 scrolls of fog {unknown}
 i - a scroll of immolation {unknown}
 k - a scroll of butterflies {unknown}
 l - a scroll of acquirement {unknown}
 r - 4 scrolls of identify {unknown}
 v - 2 scrolls of amnesia {unknown}
 y - a scroll of poison {unknown}
 z - 2 scrolls of brand weapon {unknown}
 B - 2 scrolls of vulnerability {unknown}
 E - a scroll of enchant weapon {unknown}
 G - a scroll of teleportation {unknown}
Potions
 h - 2 potions of might {unknown}
 j - a potion of invisibility {unknown}
 m - a potion of ambrosia {unknown}
 n - 2 potions of cancellation {unknown}
 p - a potion of curing {unknown}
 q - 5 potions of heal wounds {unknown}


   Skills:
 + Level 3.9 Fighting
 + Level 4.4 Short Blades
 + Level 3.1 Polearms
 + Level 2.4 Throwing
 + Level 3.8 Armour
 + Level 2.6 Dodging
 + Level 5.2 Stealth
 + Level 1.2 Shields


You had 7 spell levels left.
You didn't know any spells.
Your spell library contained the following spells:

 Spells                   Type           Power      Damage    Failure   Level
 Ensorcelled Hibernation  Hex/Ice        0%         N/A       97%         2
 Mercury Vapours          Alch/Air       0%         N/A       97%         2
 Mephitic Cloud           Conj/Alch/Air  0%         N/A       99%         3
 Passwall                 Erth           0%         N/A       99%         3
 Swiftness                Air            0%         N/A       99%         3
 Freezing Cloud           Conj/Ice/Air   0%         6-21      100%        5


Dungeon Overview and Level Annotations

Branches:
Dungeon (6/15)             Temple (1/1) D:4

Altars:
Cheibriados
Dithmenos
Fedhas
Gozag
Hepliaklqana
Makhleb
Okawaru
Qazlal
Ru
Sif Muna
Trog
Uskayaw
Vehumet
Wu Jian
Zin
The Shining One

Shops:
D:2 *   D:3 :

Annotations:
D:4 2 transporters, zenocrate's ghost, weakling OpDe


Innate Abilities, Weirdness & Mutations

You can wield a second weapon in your off-hand.
It takes a long time for you to wield or remove held weapons.
Your first few attacks do less damage.
Your first movements take longer.


Message History

You hit the wight with the +4 spear of the Sugar Beet.
The wight is lightly damaged.
You hit the wight but do no damage.
You barely miss the wight with your +2 dagger.
The wight is lightly damaged.
You hit the wight with the +4 spear of the Sugar Beet.
The wight hits you with a +4 scimitar.
You barely miss the wight with your +2 dagger.
The wight is moderately damaged.
You hit the wight but do no damage. The wight hits you with a +4 scimitar.
* * * LOW HITPOINT WARNING * * *
You hit the wight but do no damage.
The wight is moderately damaged.
You hit the wight but do no damage. The wight hits you with a +4 scimitar!
* * * LOW HITPOINT WARNING * * *
You hit the wight but do no damage.
The wight is moderately damaged.
You hit the wight with the +4 spear of the Sugar Beet.
The wight hits you with a +4 scimitar.
* * * LOW HITPOINT WARNING * * *
You hit the wight with the +4 spear of the Sugar Beet.
The wight is heavily damaged.
You hit the wight but do no damage. The wight barely misses you.
You hit the wight with your +2 dagger.
The wight is severely damaged.
You hit the wight but do no damage. You hit the wight but do no damage.
The wight is severely damaged.
You hit the wight but do no damage. You block the wight's attack.
You barely miss the wight with the +4 spear of the Sugar Beet.
The wight is severely damaged.
You barely miss the wight with your +2 dagger.
The wight closely misses you.
You hit the wight but do no damage.
The wight is severely damaged.
You hit the wight with your +2 dagger. You block the wight's attack.
You barely miss the wight with the +4 spear of the Sugar Beet.
The wight is severely damaged.
You hit the wight but do no damage. The wight hits you with a +4 scimitar!
You die...

#.########### #.#
#.# #.# #.# #)# #)#
#.##########.#
#....z@......#
#.......###########
#z#####.# #.# #.#
#.# ..# ###


You could see a wight.

Vanquished Creatures
  Grinder (D:5)
  Menkaure (D:5)
  2 black bears (D:4)
  Blork the orc (D:5)
  A scorpion (D:5)
  3 wights (D:6)
  An orc priest (D:3)
  A bombardier beetle (D:4)
  3 hounds
  An iguana (D:5)
  A sleepcap (D:4)
  2 orc wizards (D:5)
  5 gnolls
  9 adders
  A white imp (D:6)
  2 dart slugs (D:1)
  A ribbon worm (D:4)
  10 orcs
  6 ball pythons
  9 bats
  8 endoplasms
  6 giant cockroaches
  6 goblins
  14 hobgoblins
  6 kobolds
  2 quokkas
  2 frilled lizards (D:2)
  4 rats (D:1)
109 creatures vanquished.

Notes
Turn   | Place    | Note
-------+----------+-------------------------------------------
     0 | D:1      | shadowstone the Coglin Brigand began the quest for the Orb.
     0 | D:1      | Reached XP level 1. HP: 16/16 MP: 1/1
    42 | D:1      | Reached XP level 2. HP: 22/22 MP: 2/2
   208 | D:1      | Reached XP level 3. HP: 27/27 MP: 3/3
   254 | D:1      | Reached skill level 4 in Stealth
   619 | D:1      | Reached XP level 4. HP: 32/33 MP: 4/4
   886 | D:2      | Found Kugomem's Assorted Antiques.
  1058 | D:2      | Reached skill level 1 in Dodging
  1804 | D:2      | Bought a clouded iron amulet for 145 gold pieces
  1804 | D:2      | Identified the amulet of Kosebrui {Reflect +Blink rCorr
                  | Int-3 Dex+6 SH+5} (You bought it in a shop on level 2 of
                  | the Dungeon)
  1938 | D:3      | Reached XP level 5. HP: 11/39 MP: 5/5
  2019 | D:3      | Found Latain's Book Shop.
  2462 | D:3      | Found a burning altar of Makhleb.
  2462 | D:3      | Found a glowing silver altar of Zin.
  2462 | D:3      | Noticed a cacodemon
  2462 | D:3      | Noticed an angel
  2497 | D:3      | Reached skill level 1 in Armour
  2547 | D:3      | Became a worshipper of Makhleb the Destroyer
  2599 | D:3      | Identified the +4 spear of the Sugar Beet {drain, Dex+6}
  2842 | D:4      | Reached XP level 6. HP: 46/46 MP: 6/6
  2870 | D:4      | Found a shimmering blue altar of Sif Muna.
  3000 | D:4      | Found a stormy altar of Qazlal.
  3008 | D:4      | Noticed a black bear
  3009 | D:4      | Found a bloodstained altar of Trog.
  3021 | D:4      | Noticed a black bear
  3030 | D:4      | Killed a black bear
  3035 | D:4      | Killed a black bear
  3036 | D:4      | Reached skill level 1 in Polearms
  3036 | D:4      | Reached XP level 7. HP: 32/52 MP: 7/7
  3379 | D:4      | Found a transporter.
  3383 | D:4      | Noticed zenocrate's ghost (weakling OpDe)
  3431 | D:4      | Found a transporter.
  3440 | D:4      | Found a staircase to the Ecumenical Temple.
  3453 | Temple   | Entered the Ecumenical Temple
  3694 | D:4      | Reached * piety under Makhleb
  3860 | D:5      | Entered Level 5 of the Dungeon
  3894 | D:5      | Noticed Blork the orc
  3897 | D:5      | Found an opulent altar of Gozag.
  3903 | D:5      | Killed Blork the orc
  3907 | D:5      | Found a glowing drain.
  4064 | D:5      | Identified the +2 pair of gloves of Cosyumas {rF++ rN+}
  4180 | D:5      | Noticed Menkaure
  4187 | D:5      | Killed Menkaure
  4188 | D:5      | Reached skill level 1 in Shields
  4383 | D:5      | Reached skill level 5 in Stealth
  4383 | D:5      | Reached XP level 8. HP: 33/58 MP: 8/8
  4553 | D:5      | Found a faded altar of an unknown god.
  4553 | D:5      | Found a faded altar of an unknown god.
  4561 | D:5      | Found an iron altar of Okawaru.
  4563 | D:5      | Found an ornate altar of the Wu Jian Council.
  4565 | D:5      | Found a shadowy altar of Dithmenos.
  4660 | D:5      | Noticed Grinder
  4686 | D:5      | Killed Grinder
  4811 | D:5      | Found a faded altar of an unknown god.
  4813 | D:5      | Found a hazy altar of Hepliaklqana.
  5329 | D:6      | HP: 2/54 [wight/+4 scimitar (6)]
  5335 | D:6      | Mangled by a wight

Illustrated notes

Levels and vault maps discovered:
D:1:      dpeg_arrival_arbitrary_b, layout_loops_ring, dreamdust_wishing_well
D:2:      layout_basic, serial_shops, shop
D:3:      layout_basic, grunt_temple_overflow_order_and_chaos_2, serial_shops,
          shop, minmay_diced_spiral
D:4:      layout_loops_ring, mainiacjoe_overflow_alcove_1, trog_ov_bears_minmay,
          lemuel_doored_altar, minmay_temple_entry_mini_moons,
          gammafunk_ghost_stat_death
D:5:      layout_loops_corners, nicolae_gozag_seed_capital,
          chequers_temple_overflow_minitemple,
          beargit_hepliaklqana_dungeon_heroes, gup_sewer_entry_glass,
          uniq_grinder, uniq_menkaure, uniq_blork_the_orc
D:6:      kennysheep_steamy, layout_basic
Temple:   hellmonk_temple_micro_hex

Skill      XL: |  1  2  3  4  5  6  7  8 |
---------------+-------------------------+-----
Throwing       | 2 |  2.4
Short Blades   | 2 3 4 |  4.4
Stealth        | 4 5 |  5.2
Dodging        | 1 2 |  2.6
Armour         | 1 2 3 |  3.8
Fighting       | 3 |  3.9
Polearms       | 1 2 3 |  3.1
Shields        | 1 |  1.2

Action                     |  1- 3 |  4- 6 |  7- 9 || total
---------------------------+-------+-------+-------++-------
  Melee: Dagger            |    57 |   178 |   122 ||   357
         Unarmed           |       |     4 |       ||     4
         Spear             |       |    29 |   126 ||   155
  Throw: Dart              |       |    11 |     9 ||    20
   Stab: Sleeping          |     6 |     6 |     5 ||    17
         Distracted        |       |     1 |     1 ||     2
 Armour: Robe              |    46 |       |       ||    46
         Ring mail         |     3 |   111 |       ||   114
         Scale mail        |       |    46 |    50 ||    96
  Dodge: Dodged            |    47 |   132 |    28 ||   207
  Block: Other             |       |    46 |    18 ||    64
         Reflection        |       |     1 |       ||     1
   Form: Flux              |       |     1 |       ||     1
                           |       |     1 |       ||     1

Table legend: (Time is in decaauts)
 A = Elapsed time spent in this place.
 B = Non-inter-level travel time spent in this place.
 C = Inter-level travel time spent in this place.
 D = Time resting spent in this place.
 E = Time spent auto-exploring this place.
 F = Levels seen in this place.
 G = Mean time per level.
                   A        B        C        D        E       F      G
               +--------+--------+--------+--------+--------+-----+--------+
         Total |   5547 |   5452 |     95 |    751 |   1918 |   7 |  792.4 |
       Dungeon |   5545 |   5450 |     95 |    751 |   1918 |   6 |  924.2 |
        Temple |      1 |      1 |      0 |      0 |      0 |   1 |    1.0 |
               +--------+--------+--------+--------+--------+-----+--------+

Top non-repeatable levels by time:
     D:5: 1420 daAuts
     D:4: 1077 daAuts
     D:3: 1007 daAuts
     D:2: 1003 daAuts
     D:1: 930 daAuts
     D:6: 106 daAuts
  Temple: 1 daAuts
